TOP OF THE 1ST |
Arizona State Sun Devils batting - Pitching for South Florida Bulls : RHP Richard Bray
|
Pitching: RHP Richard Bray
|
|
Batting: RHB Michael Fisher
|
0-0: Swinging Strike 0-1: Ground out 5-3 (Groundball, 5)
|
Batting: RHB Edison Olson
|
0-0: Ball 1-0: Called Strike 1-1: Swinging Strike 1-2: Strikes out swinging
|
Batting: RHB Jeffrey Hicks
|
0-0: Ball 1-0: Called Strike 1-1: Ball 2-1: SINGLE (Groundball, 34)
|
Batting: LHB Derrick Simpson
|
0-0: Called Strike 0-1: Foul Ball, location: 2F 0-2: Strikes out swinging
|
Top of the 1st over - 0 run(s), 1 hit(s), 0 error(s), 1 left on base; Arizona State 0 - South Florida 0 |
BOTTOM OF THE 1ST |
South Florida Bulls batting - Pitching for Arizona State Sun Devils : LHP Jesús Trevino
|
Pitching: LHP Jesús Trevino
|
|
Batting: LHB Bob Bush
|
0-0: Ball 1-0: Called Strike 1-1: Foul Ball, location: 2F 1-2: Strikes out swinging
|
Batting: RHB Leonardo Sinisterra
|
0-0: Foul Ball, location: 2F 0-1: Fly out, F5 (Popup, 5F)
|
Batting: SHB Tex White
|
0-0: Ground out 4-3 (Groundball, 4)
|
Bottom of the 1st over - 0 run(s), 0 hit(s), 0 error(s), 0 left on base; Arizona State 0 - South Florida 0 |
TOP OF THE 2ND |
Arizona State Sun Devils batting - Pitching for South Florida Bulls : RHP Richard Bray
|
Batting: RHB Jed Anderson
|
0-0: Called Strike 0-1: Foul Ball, location: 2F 0-2: Ball 1-2: Strikes out swinging
|
Batting: RHB Tom Hicks
|
0-0: Foul Ball, location: 2F 0-1: Fly out, F9 (Flyball, 89M)
|
Batting: LHB Enrique Cruz
|
0-0: Called Strike 0-1: Ball 1-1: Foul Ball, location: 2F 1-2: Ball 2-2: Fly out, F7 (Flyball, 7LM)
|
Top of the 2nd over - 0 run(s), 0 hit(s), 0 error(s), 0 left on base; Arizona State 0 - South Florida 0 |
BOTTOM OF THE 2ND |
South Florida Bulls batting - Pitching for Arizona State Sun Devils : LHP Jesús Trevino
|
Batting: RHB Mark Parker
|
0-0: Ground out 6-3 (Groundball, 6M)
|
Batting: RHB Jon Krohne
|
0-0: Called Strike 0-1: Foul Ball, location: 2F 0-2: Ball 1-2: Strikes out swinging
|
Batting: SHB Michael Field
|
0-0: Called Strike 0-1: Ball 1-1: Foul Ball, location: 2F 1-2: Fly out, F7 (Flyball, 78M)
|
Bottom of the 2nd over - 0 run(s), 0 hit(s), 0 error(s), 0 left on base; Arizona State 0 - South Florida 0 |
TOP OF THE 3RD |
Arizona State Sun Devils batting - Pitching for South Florida Bulls : RHP Richard Bray
|
Batting: RHB Walter Brown
|
0-0: Ball 1-0: Ball 2-0: Called Strike 2-1: Ball 3-1: Foul Ball, location: 2F 3-2: Base on Balls
|
Batting: RHB Geoff Jackson
|
0-0: Ball 1-0: Called Strike 1-1: Ball 2-1: Ball 3-1: Base on Balls Walter Brown to second
|
Batting: RHB Michael Fisher
|
0-0: Ball 1-0: Ball 2-0: Called Strike 2-1: Called Strike 2-2: Ball 3-2: Grounds into double play, 5-4-3 (Groundball, 56) Walter Brown to third
|
Batting: RHB Edison Olson
|
0-0: Ball 1-0: SINGLE (Line Drive, 4MD) Walter Brown scores
|
Batting: RHB Jeffrey Hicks
|
0-0: Foul Ball, location: 2F 0-1: Fly out, F9 (Flyball, 89D)
|
Top of the 3rd over - 1 run(s), 1 hit(s), 0 error(s), 1 left on base; Arizona State 1 - South Florida 0 |
BOTTOM OF THE 3RD |
South Florida Bulls batting - Pitching for Arizona State Sun Devils : LHP Jesús Trevino
|
Batting: RHB Keith Stimson
|
0-0: SINGLE (Groundball, 56D)
|
Batting: LHB Weston Chaney
|
0-0: Foul Ball, location: 2F 0-1: Swinging Strike 0-2: Ball 1-2: Fly out, F8 (Flyball, 8LM)
|
Batting: LHB Bob Jacobs
|
0-0: Ball 1-0: Called Strike 1-1: Swinging Strike 1-2: Ball 2-2: Ball 3-2: Foul Ball, location: 2F 3-2: Foul Ball, location: 2F 3-2: SINGLE (Flyball, 8RS) Keith Stimson to second
|
Batting: LHB Bob Bush
|
0-0: Ball 1-0: Swinging Strike 1-1: Ball 2-1: Foul Ball, location: 2F 2-2: Foul Ball, location: 2F 2-2: Foul Ball, location: 2F 2-2: Strikes out swinging
|
Batting: RHB Leonardo Sinisterra
|
0-0: Called Strike 0-1: Ball 1-1: Ball 2-1: Fly out, F6 (Line Drive, 6)
|
Bottom of the 3rd over - 0 run(s), 2 hit(s), 0 error(s), 2 left on base; Arizona State 1 - South Florida 0 |
TOP OF THE 4TH |
Arizona State Sun Devils batting - Pitching for South Florida Bulls : RHP Richard Bray
|
Batting: LHB Derrick Simpson
|
0-0: Ball 1-0: DOUBLE (Flyball, 78S)
|
Batting: RHB Jed Anderson
|
0-0: Ball 1-0: Called Strike 1-1: Called Strike 1-2: Strikes out swinging
|
Batting: RHB Tom Hicks
|
0-0: Ground out 2-3 (Groundball, 2R) Derrick Simpson to third
|
Batting: LHB Enrique Cruz
|
0-0: Ground out 4-3 (Groundball, 34)
|
Top of the 4th over - 0 run(s), 1 hit(s), 0 error(s), 1 left on base; Arizona State 1 - South Florida 0 |
BOTTOM OF THE 4TH |
South Florida Bulls batting - Pitching for Arizona State Sun Devils : LHP Jesús Trevino
|
Batting: SHB Tex White
|
0-0: Ball 1-0: Foul Ball, location: 2F 1-1: Ball 2-1: SINGLE (Line Drive, 56)
|
Batting: RHB Mark Parker
|
0-0: Called Strike 0-1: Ground out 5-3 (Groundball, 56S) Tex White to second
|
Batting: RHB Jon Krohne
|
0-0: Ball 1-0: 2-RUN HOME RUN (Flyball, 7D), Distance : 352 ft
|
Batting: SHB Michael Field
|
0-0: Swinging Strike 0-1: Swinging Strike 0-2: Foul Ball, location: 2F 0-2: Ball 1-2: Foul Ball, location: 2F 1-2: Ball 2-2: SINGLE (Flyball, 9LS)
|
Batting: RHB Keith Stimson
|
0-0: Called Strike 0-1: Ball 1-1: Fly out, F8 (Flyball, 8RM)
|
Batting: LHB Weston Chaney
|
0-0: Ball 1-0: Ball 2-0: Swinging Strike 2-1: SINGLE (Line Drive, 34) Michael Field to second
|
Batting: LHB Bob Jacobs
|
0-0: Called Strike 0-1: Ball 1-1: Called Strike 1-2: Ball 2-2: Ball 3-2: Fly out, F7 (Flyball, 7M)
|
Bottom of the 4th over - 2 run(s), 4 hit(s), 0 error(s), 2 left on base; Arizona State 1 - South Florida 2 |
TOP OF THE 5TH |
Arizona State Sun Devils batting - Pitching for South Florida Bulls : RHP Richard Bray
|
Batting: RHB Walter Brown
|
0-0: Ball 1-0: Called Strike 1-1: Ball 2-1: Foul Ball, location: 2F 2-2: Fly out, F7 (Flyball, 78M)
|
Batting: RHB Geoff Jackson
|
0-0: Ball 1-0: Ball 2-0: Called Strike 2-1: Swinging Strike 2-2: Fly out, F8 (Flyball, 89M)
|
Batting: RHB Michael Fisher
|
0-0: Ball 1-0: Called Strike 1-1: Ball 2-1: Ground out 1-3 (Groundball, 13)
|
Top of the 5th over - 0 run(s), 0 hit(s), 0 error(s), 0 left on base; Arizona State 1 - South Florida 2 |
BOTTOM OF THE 5TH |
South Florida Bulls batting - Pitching for Arizona State Sun Devils : LHP Jesús Trevino
|
Batting: LHB Bob Bush
|
0-0: DOUBLE (Line Drive, 8LM)
|
Batting: RHB Leonardo Sinisterra
|
0-0: Called Strike 0-1: Ball 1-1: Swinging Strike 1-2: Ball 2-2: Strikes out swinging
|
Batting: SHB Tex White
|
0-0: Called Strike Bob Bush is caught stealing 3rd base 0-1: Ball 1-1: Foul Ball, location: 2F 1-2: Ball 2-2: Foul Ball, location: 2F 2-2: Ball 3-2: SINGLE (Line Drive, 6M)
|
Pitching: RHP Robby MacRae
|
|
Batting: RHB Mark Parker
|
0-0: Fly out, F9 (Flyball, 8RXD)
|
Bottom of the 5th over - 0 run(s), 2 hit(s), 0 error(s), 1 left on base; Arizona State 1 - South Florida 2 |
TOP OF THE 6TH |
Arizona State Sun Devils batting - Pitching for South Florida Bulls : RHP Richard Bray
|
Batting: RHB Edison Olson
|
0-0: Foul Ball, location: 2F 0-1: Ball 1-1: Foul Ball, location: 2F 1-2: Ball 2-2: Fly out, F9 (Flyball, 9M)
|
Batting: RHB Jeffrey Hicks
|
0-0: Called Strike 0-1: Ball 1-1: Ball 2-1: Ball 3-1: Base on Balls
|
Batting: LHB Derrick Simpson
|
0-0: Called Strike Jeffrey Hicks steals 2nd base 0-1: Fly out, F7 (Flyball, 78M)
|
Batting: RHB Jed Anderson
|
0-0: Ball 1-0: Called Strike 1-1: Foul Ball, location: 2F 1-2: Strikes out swinging
|
Top of the 6th over - 0 run(s), 0 hit(s), 0 error(s), 1 left on base; Arizona State 1 - South Florida 2 |
BOTTOM OF THE 6TH |
South Florida Bulls batting - Pitching for Arizona State Sun Devils : RHP Robby MacRae
|
Batting: RHB Jon Krohne
|
0-0: Ball 1-0: Fly out, F5 (Line Drive, 5)
|
Batting: SHB Michael Field
|
0-0: Ball 1-0: Foul Ball, location: 2F 1-1: Ball 2-1: Fly out, F8 (Flyball, 8LM)
|
Batting: RHB Keith Stimson
|
0-0: Ball 1-0: Ball 2-0: Fly out, F8 (Flyball, 8LM)
|
Bottom of the 6th over - 0 run(s), 0 hit(s), 0 error(s), 0 left on base; Arizona State 1 - South Florida 2 |
TOP OF THE 7TH |
Arizona State Sun Devils batting - Pitching for South Florida Bulls : RHP Richard Bray
|
Pitching: RHP Mark Looper
|
|
Batting: RHB Tom Hicks
|
0-0: Called Strike 0-1: Swinging Strike 0-2: Ground out 4-3 (Groundball, 4)
|
Batting: LHB Enrique Cruz
|
0-0: Fly out, F7 (Popup, 56D)
|
Batting: RHB Walter Brown
|
0-0: Ball 1-0: Called Strike 1-1: SINGLE (Groundball, 15) (infield hit)
|
Batting: RHB Geoff Jackson
|
0-0: Called Strike 0-1: Ground out 6-3 (Groundball, 6)
|
Top of the 7th over - 0 run(s), 1 hit(s), 0 error(s), 1 left on base; Arizona State 1 - South Florida 2 |
BOTTOM OF THE 7TH |
South Florida Bulls batting - Pitching for Arizona State Sun Devils : RHP Robby MacRae
|
Batting: LHB Weston Chaney
|
0-0: Called Strike 0-1: Ball 1-1: Swinging Strike 1-2: Ball 2-2: Foul Ball, location: 2F 2-2: SOLO HOME RUN (Flyball, 9D), Distance : 360 ft
|
Batting: LHB Bob Jacobs
|
0-0: Called Strike 0-1: Foul Ball, location: 2F 0-2: Strikes out swinging
|
Batting: LHB Bob Bush
|
0-0: Called Strike 0-1: Foul Ball, location: 2F 0-2: Strikes out swinging
|
Batting: RHB Leonardo Sinisterra
|
0-0: Called Strike 0-1: Called Strike 0-2: Ball 1-2: Strikes out swinging
|
Bottom of the 7th over - 1 run(s), 1 hit(s), 0 error(s), 0 left on base; Arizona State 1 - South Florida 3 |
TOP OF THE 8TH |
Arizona State Sun Devils batting - Pitching for South Florida Bulls : RHP Mark Looper
|
Now at 1B: Millard Walker
|
|
Now in CF: Danny Olson
|
|
Batting: RHB Michael Fisher
|
0-0: Ball 1-0: Ball 2-0: SINGLE (Line Drive, 3)
|
Pitching: RHP Luis Chávez
|
|
Batting: RHB Edison Olson
|
0-0: Swinging Strike 0-1: Called Strike 0-2: Foul Ball, location: 2F 0-2: Ball 1-2: Strikes out swinging
|
Batting: RHB Jeffrey Hicks
|
0-0: Ball 1-0: Foul Ball, location: 2F 1-1: Ball 2-1: Ball 3-1: Fly out, F4 (Popup, 4MD)
|
Batting: LHB Derrick Simpson
|
0-0: Called Strike 0-1: Hit by Pitch Michael Fisher to second
|
Batting: RHB Jed Anderson
|
0-0: Ball 1-0: Swinging Strike 1-1: Called Strike 1-2: Ball 2-2: Strikes out swinging
|
Top of the 8th over - 0 run(s), 1 hit(s), 0 error(s), 2 left on base; Arizona State 1 - South Florida 3 |
BOTTOM OF THE 8TH |
South Florida Bulls batting - Pitching for Arizona State Sun Devils : RHP Robby MacRae
|
Pitching: RHP Héctor Mora
|
|
Batting: SHB Tex White
|
0-0: Called Strike 0-1: Ball 1-1: Ball 2-1: DOUBLE (Line Drive, 7LS)
|
Pinch Runner at 2nd Christian Mason:
|
|
Batting: RHB Mark Parker
|
0-0: Intentional Walk
|
Batting: RHB Jon Krohne
|
0-0: Called Strike 0-1: Ball Wild Pitch! Christian Mason to third Mark Parker to second 1-1: Intentional Walk
|
Batting: SHB Michael Field
|
0-0: Grounds into double play, 4-2-3 (Groundball, 4M) Mark Parker to third Jon Krohne to second
|
Batting: RHB Keith Stimson
|
0-0: Called Strike 0-1: Ball 1-1: Ball 2-1: Called Strike 2-2: Strikes out swinging
|
Bottom of the 8th over - 0 run(s), 1 hit(s), 0 error(s), 2 left on base; Arizona State 1 - South Florida 3 |
TOP OF THE 9TH |
Arizona State Sun Devils batting - Pitching for South Florida Bulls : RHP Luis Chávez
|
Pitching: RHP Howard Erickson
|
|
Now at 2B: Christian Mason
|
|
Batting: RHB Tom Hicks
|
0-0: Ball 1-0: Ball 2-0: Called Strike 2-1: Foul Ball, location: 2F 2-2: Ball 3-2: Base on Balls
|
Batting: LHB Enrique Cruz
|
0-0: Ball 1-0: Ball Wild Pitch! Tom Hicks to second 2-0: Ball 3-0: Called Strike 3-1: Called Strike 3-2: Ground out 4-3 (Groundball, 34) Tom Hicks to third
|
Batting: RHB Walter Brown
|
0-0: Ball 1-0: Fly out, F9 (Line Drive, 89XD) Runner from 3rd tags up, SCORES, no throw
|
Batting: RHB Geoff Jackson
|
0-0: Ball 1-0: Ball 2-0: Ball 3-0: Called Strike 3-1: DOUBLE (Flyball, 78M)
|
Batting: RHB Michael Fisher
|
0-0: Ball 1-0: Called Strike 1-1: Ball 2-1: Foul Ball, location: 2F 2-2: Foul Ball, location: 2F 2-2: Ball 3-2: Base on Balls
|
Batting: RHB Edison Olson
|
0-0: Called Strike 0-1: Ball 1-1: Fly out, F6 (Popup, 6MD)
|
Top of the 9th over - 1 run(s), 1 hit(s), 0 error(s), 2 left on base; Arizona State 2 - South Florida 3 |
|